| TOP OF THE 1ST |
|
New Hampshire Fisher Cats batting - Pitching for Akron RubberDucks : LHP Heath Ryland
|
|
Pitching: LHP Heath Ryland
|
|
|
Batting: LHB Yoshinari Nara
|
0-0: Ball 1-0: Fly out, F8 (Flyball, 8LD, EV 100.0 MPH)
|
|
Batting: RHB Scott Travis
|
0-0: Ball 1-0: Ball 2-0: Called Strike 2-1: Foul Ball, location: 2F 2-2: Foul Ball, location: 2F 2-2: Ball 3-2: Base on Balls
|
|
Batting: LHB Chaim Huting
|
0-0: Swinging Strike 0-1: Called Strike 0-2: Strikes out looking
|
|
Batting: RHB Mike Strey
|
0-0: Ball Scott Travis steals 2nd, throwing error, E2 Scott Travis to third 1-0: Called Strike 1-1: SINGLE (Groundball, 56D, EV 93.8 MPH) Scott Travis scores
|
|
Batting: SHB Jack Andrews
|
0-0: Ball 1-0: Foul Ball, location: 2F 1-1: Ball 2-1: SINGLE (Line Drive, 4MD, EV 108.1 MPH) Mike Strey to second
|
|
Batting: LHB Tso-lin Fen
|
0-0: Fly out, F7 (Flyball, 7, EV 74.4 MPH)
|
| Top of the 1st over - 1 run, 2 hits, 1 error, 2 left on base; New Hampshire 1 - Akron 0 |
| BOTTOM OF THE 1ST |
|
Akron RubberDucks batting - Pitching for New Hampshire Fisher Cats : RHP Bobby O'Connell
|
|
Pitching: RHP Bobby O'Connell
|
|
|
Batting: LHB Nick Welling
|
0-0: Ball 1-0: Foul Ball, location: 2F 1-1: Foul Ball, location: 2F 1-2: Foul Ball, location: 2F 1-2: Strikes out looking
|
|
Batting: SHB Arturo Baez
|
0-0: Ball 1-0: Called Strike 1-1: Ball 2-1: Ball 3-1: Base on Balls
|
|
Batting: RHB Carlos Abrego
|
0-0: Ball 1-0: DOUBLE (Line Drive, 8LXD, EV 111.9 MPH) Arturo Baez to third
|
|
Batting: LHB Costodio Varino
|
0-0: Ball 1-0: Ground out U3 (Groundball, 34S, EV 86.2 MPH) Arturo Baez scores Carlos Abrego to third
|
|
Batting: LHB Justin Rankin
|
0-0: Foul Ball, location: 2F 0-1: Ball 1-1: Foul Ball, location: 2F 1-2: Strikes out swinging
|
| Bottom of the 1st over - 1 run, 1 hit, 0 errors, 1 left on base; New Hampshire 1 - Akron 1 |
| TOP OF THE 2ND |
|
New Hampshire Fisher Cats batting - Pitching for Akron RubberDucks : LHP Heath Ryland
|
|
Batting: RHB Butch Koglin
|
0-0: Ball 1-0: Fly out, F8 (Flyball, 8RD, EV 103.1 MPH)
|
|
Batting: RHB Bryan Peterson
|
0-0: Ball 1-0: Foul Ball, location: 2F 1-1: Swinging Strike 1-2: Strikes out swinging
|
|
Pitching: RHP En-guo Tsu
|
|
|
Batting: LHB Rodrigo Briceno
|
0-0: Ball 1-0: Swinging Strike 1-1: Fly out, F8 (Flyball, 8LM, EV 95.0 MPH)
|
| Top of the 2nd over - 0 runs, 0 hits, 0 errors, 0 left on base; New Hampshire 1 - Akron 1 |
| BOTTOM OF THE 2ND |
|
Akron RubberDucks batting - Pitching for New Hampshire Fisher Cats : RHP Bobby O'Connell
|
|
Batting: RHB Willie Gonzales
|
0-0: Called Strike 0-1: Ball 1-1: Ball 2-1: Called Strike 2-2: Ground out 5-3 (Groundball, 5, EV 88.8 MPH)
|
|
Batting: LHB Sam Ogg
|
0-0: Ball 1-0: Called Strike 1-1: Ball 2-1: Foul Ball, location: 2F 2-2: Foul Ball, location: 2F 2-2: Strikes out swinging
|
|
Batting: LHB Yasuo Igarashi
|
0-0: Ball 1-0: Swinging Strike 1-1: Called Strike 1-2: Ball 2-2: Ball 3-2: SINGLE (Line Drive, 34, EV 96.2 MPH)
|
|
Batting: LHB Rich Walker
|
0-0: Called Strike 0-1: Foul Ball, location: 2F 0-2: Strikes out swinging
|
| Bottom of the 2nd over - 0 runs, 1 hit, 0 errors, 1 left on base; New Hampshire 1 - Akron 1 |
| TOP OF THE 3RD |
|
New Hampshire Fisher Cats batting - Pitching for Akron RubberDucks : RHP En-guo Tsu
|
|
Batting: LHB Yoshinari Nara
|
0-0: Called Strike 0-1: Swinging Strike 0-2: Strikes out looking
|
|
Batting: RHB Scott Travis
|
0-0: Ball 1-0: Ball 2-0: Foul Ball, location: 2F 2-1: Swinging Strike 2-2: SINGLE (Groundball, 4MD, EV 106.9 MPH)
|
|
Batting: LHB Chaim Huting
|
0-0: Called Strike 0-1: Ball 1-1: Ball 2-1: Foul Ball, location: 2F 2-2: SINGLE (Groundball, 4MD, EV 103.8 MPH) Scott Travis to second
|
|
Batting: RHB Mike Strey
|
0-0: Foul Ball, location: 2F 0-1: Ball 1-1: Ball 2-1: Called Strike 2-2: Fielders Choice at 2nd, 5-4 (Groundball, 56, EV 110.6 MPH) Scott Travis to third
|
|
Batting: SHB Jack Andrews
|
0-0: Called Strike 0-1: Swinging Strike 0-2: Fielders Choice at 2nd, U4 (Groundball, 4M, EV 82.5 MPH)
|
| Top of the 3rd over - 0 runs, 2 hits, 0 errors, 2 left on base; New Hampshire 1 - Akron 1 |
| BOTTOM OF THE 3RD |
|
Akron RubberDucks batting - Pitching for New Hampshire Fisher Cats : RHP Bobby O'Connell
|
|
Batting: LHB Nick Welling
|
0-0: Ball 1-0: SOLO HOME RUN (Flyball, 9D, EV 104.4 MPH), Distance : 407 ft
|
|
Batting: SHB Arturo Baez
|
0-0: Swinging Strike 0-1: Ball 1-1: Ball 2-1: Bunt missed! 2-2: Ball 3-2: Fly out, F8 (Flyball, 8RD, EV 101.9 MPH)
|
|
Batting: RHB Carlos Abrego
|
0-0: Foul Ball, location: 2F 0-1: Ball 1-1: DOUBLE (Groundball, 5L, EV 105.0 MPH)
|
|
Batting: LHB Costodio Varino
|
0-0: Ball 1-0: Ball 2-0: Ball 3-0: Ground out 6-3 (Groundball, 6, EV 80.6 MPH)
|
|
Batting: LHB Justin Rankin
|
0-0: Fly out, F9 (Flyball, 9, EV 83.8 MPH)
|
| Bottom of the 3rd over - 1 run, 2 hits, 0 errors, 1 left on base; New Hampshire 1 - Akron 2 |
| TOP OF THE 4TH |
|
New Hampshire Fisher Cats batting - Pitching for Akron RubberDucks : RHP En-guo Tsu
|
|
Batting: LHB Tso-lin Fen
|
0-0: Ball 1-0: Swinging Strike 1-1: Foul Ball, location: 2F 1-2: Strikes out swinging
|
|
Batting: RHB Butch Koglin
|
0-0: Foul Ball, location: 2F 0-1: Ball 1-1: Ball 2-1: Called Strike 2-2: Ball 3-2: Hit by Pitch
|
|
Batting: RHB Bryan Peterson
|
0-0: Ball 1-0: Ball 2-0: Called Strike 2-1: Foul Ball, location: 2F 2-2: Strikes out swinging
|
|
Batting: LHB Rodrigo Briceno
|
0-0: Called Strike 0-1: Ball 1-1: Ball 2-1: Fielders Choice at 2nd, 5-4 (Groundball, 56, EV 84.4 MPH)
|
| Top of the 4th over - 0 runs, 0 hits, 0 errors, 1 left on base; New Hampshire 1 - Akron 2 |
| BOTTOM OF THE 4TH |
|
Akron RubberDucks batting - Pitching for New Hampshire Fisher Cats : RHP Bobby O'Connell
|
|
Batting: RHB Willie Gonzales
|
0-0: Ball 1-0: Ball 2-0: Ball 3-0: Called Strike 3-1: Base on Balls
|
|
Batting: LHB Sam Ogg
|
0-0: Called Strike 0-1: Called Strike Willie Gonzales steals 2nd base 0-2: Ball 1-2: Ball 2-2: Ball 3-2: Ground out 6-3 (Groundball, 6, EV 91.9 MPH) Willie Gonzales to third
|
|
Batting: LHB Yasuo Igarashi
|
0-0: Ball 1-0: Ball 2-0: Ball 3-0: Called Strike 3-1: SINGLE (Groundball, 34D, EV 103.8 MPH) Willie Gonzales scores
|
|
Batting: LHB Rich Walker
|
0-0: Ball 1-0: Called Strike 1-1: Ball 2-1: Ball 3-1: SINGLE (Line Drive, 6MD, EV 106.2 MPH) Yasuo Igarashi to second
|
|
Batting: LHB Nick Welling
|
0-0: Ball 1-0: Foul Ball, location: 2F 1-1: Fielders Choice at 2nd, 6-4 (Groundball, 6M, EV 103.8 MPH) Yasuo Igarashi to third
|
|
Batting: SHB Arturo Baez
|
0-0: Foul Ball, location: 2F 0-1: Ball 1-1: Foul Ball, location: 2F 1-2: Fielders Choice at 2nd, U6 (Groundball, 6M, EV 98.1 MPH)
|
| Bottom of the 4th over - 1 run, 2 hits, 0 errors, 2 left on base; New Hampshire 1 - Akron 3 |
| TOP OF THE 5TH |
|
New Hampshire Fisher Cats batting - Pitching for Akron RubberDucks : RHP En-guo Tsu
|
|
Batting: LHB Yoshinari Nara
|
0-0: Ball 1-0: Called Strike 1-1: Ground out 1-3 (Groundball, 13S, EV 66.2 MPH)
|
|
Batting: RHB Scott Travis
|
0-0: Ball 1-0: Ball 2-0: Ball 3-0: Base on Balls
|
|
Pitching: RHP Zack Sharp
|
|
|
Batting: LHB Chaim Huting
|
0-0: Ball 1-0: Ball 2-0: Ball 3-0: Called Strike 3-1: SINGLE (Groundball, 4MS, EV 69.4 MPH) (infield hit) Scott Travis to second
|
|
Batting: RHB Mike Strey
|
0-0: Called Strike 0-1: Called Strike 0-2: Ball 1-2: Foul Ball, location: 2F 1-2: Ball 2-2: Ball 3-2: Fly out, F4 (Line Drive, 4MD, EV 71.2 MPH)
|
|
Batting: SHB Jack Andrews
|
0-0: Ground out 4-3 (Groundball, 4, EV 85.6 MPH)
|
| Top of the 5th over - 0 runs, 1 hit, 0 errors, 2 left on base; New Hampshire 1 - Akron 3 |
| BOTTOM OF THE 5TH |
|
Akron RubberDucks batting - Pitching for New Hampshire Fisher Cats : RHP Bobby O'Connell
|
|
Batting: RHB Carlos Abrego
|
0-0: Foul Ball, location: 2F 0-1: Ground out 6-3 (Groundball, 6S, EV 65.6 MPH)
|
|
Batting: LHB Costodio Varino
|
0-0: Ball 1-0: Fly out, F9 (Flyball, 9, EV 86.2 MPH)
|
|
Batting: LHB Justin Rankin
|
0-0: Called Strike 0-1: Swinging Strike 0-2: Ball 1-2: Strikes out looking
|
| Bottom of the 5th over - 0 runs, 0 hits, 0 errors, 0 left on base; New Hampshire 1 - Akron 3 |
| TOP OF THE 6TH |
|
New Hampshire Fisher Cats batting - Pitching for Akron RubberDucks : RHP Zack Sharp
|
|
Batting: LHB Tso-lin Fen
|
0-0: Ball 1-0: Foul Ball, location: 2F 1-1: Called Strike 1-2: Ball 2-2: Ball 3-2: Base on Balls
|
|
Batting: RHB Butch Koglin
|
0-0: Ball 1-0: Ball Tso-lin Fen steals 2nd base (no throw) 2-0: Ball 3-0: Called Strike 3-1: Called Strike 3-2: Ground out 4-3 (Groundball, 4, EV 85.0 MPH) Tso-lin Fen to third
|
|
Batting: RHB Bryan Peterson
|
Balk! Tso-lin Fen scores 0-0: Called Strike 0-1: Ball 1-1: Ball 2-1: Swinging Strike 2-2: Ball 3-2: Foul Ball, location: 2F 3-2: Base on Balls
|
|
Batting: LHB Rodrigo Briceno
|
0-0: Called Strike 0-1: Fielders Choice at 2nd, 4-6 (Groundball, 4, EV 108.8 MPH)
|
|
Batting: LHB Yoshinari Nara
|
0-0: Called Strike 0-1: Ground out 4-3 (Groundball, 34, EV 82.5 MPH)
|
| Top of the 6th over - 1 run, 0 hits, 0 errors, 1 left on base; New Hampshire 2 - Akron 3 |
| BOTTOM OF THE 6TH |
|
Akron RubberDucks batting - Pitching for New Hampshire Fisher Cats : RHP Bobby O'Connell
|
|
Batting: RHB Willie Gonzales
|
0-0: Foul Ball, location: 2F 0-1: Called Strike 0-2: Strikes out swinging
|
|
Batting: LHB Sam Ogg
|
0-0: Called Strike 0-1: Swinging Strike 0-2: Foul Ball, location: 2F 0-2: Ball 1-2: Ball 2-2: Foul Ball, location: 2F 2-2: Strikes out swinging
|
|
Batting: LHB Yasuo Igarashi
|
0-0: Ball 1-0: Foul Ball, location: 2F 1-1: Foul Ball, location: 2F 1-2: Foul Ball, location: 2F 1-2: SINGLE (Line Drive, 4M, EV 103.8 MPH)
|
|
Pitching: RHP Mel Schultz
|
|
|
Batting: LHB Rich Walker
|
0-0: Ball 1-0: Ball 2-0: Called Strike 2-1: Foul Ball, location: 2F 2-2: Strikes out looking
|
| Bottom of the 6th over - 0 runs, 1 hit, 0 errors, 1 left on base; New Hampshire 2 - Akron 3 |
| TOP OF THE 7TH |
|
New Hampshire Fisher Cats batting - Pitching for Akron RubberDucks : RHP Zack Sharp
|
|
Pitching: RHP Marcus Cox
|
|
|
Batting: RHB Scott Travis
|
0-0: Called Strike 0-1: Ball 1-1: Ball 2-1: Ball 3-1: Base on Balls
|
|
Batting: LHB Chaim Huting
|
0-0: Called Strike 0-1: Ball Scott Travis is caught stealing 2nd base 2-6 1-1: Called Strike 1-2: SINGLE (Line Drive, 9S, EV 95.6 MPH)
|
|
Batting: RHB Mike Strey
|
0-0: Ball 1-0: Ball 2-0: Called Strike 2-1: Ball 3-1: Base on Balls Chaim Huting to second
|
|
Batting: SHB Jack Andrews
|
0-0: Ball 1-0: Ball 2-0: Fielders Choice at 2nd, 6-4 (Groundball, 56, EV 105.0 MPH) Chaim Huting to third
|
|
Batting: LHB Tso-lin Fen
|
0-0: Ball 1-0: Ball Jack Andrews steals 2nd base 2-0: Called Strike 2-1: Called Strike 2-2: Foul Ball, location: 2F 2-2: Ball 3-2: Fly out, F8 (Flyball, 8LM, EV 91.9 MPH)
|
| Top of the 7th over - 0 runs, 1 hit, 0 errors, 2 left on base; New Hampshire 2 - Akron 3 |
| BOTTOM OF THE 7TH |
|
Akron RubberDucks batting - Pitching for New Hampshire Fisher Cats : RHP Mel Schultz
|
|
Batting: LHB Nick Welling
|
0-0: Ball 1-0: Called Strike 1-1: Swinging Strike 1-2: Ball 2-2: Fly out, F5 (Popup, 56S, EV 88.1 MPH)
|
|
Batting: SHB Arturo Baez
|
0-0: Called Strike 0-1: Ground out 6-3 (Groundball, 6M, EV 88.1 MPH)
|
|
Batting: RHB Carlos Abrego
|
0-0: Called Strike 0-1: Ball 1-1: Ground out 5-3 (Groundball, 5, EV 81.2 MPH)
|
| Bottom of the 7th over - 0 runs, 0 hits, 0 errors, 0 left on base; New Hampshire 2 - Akron 3 |
| TOP OF THE 8TH |
|
New Hampshire Fisher Cats batting - Pitching for Akron RubberDucks : RHP Marcus Cox
|
|
Pitching: LHP Victor Garcia
|
|
|
Batting: RHB Butch Koglin
|
0-0: Swinging Strike 0-1: Foul Ball, location: 2F 0-2: Ball 1-2: SINGLE (Groundball, 34D, EV 109.4 MPH)
|
|
Batting: RHB Bryan Peterson
|
0-0: Bunt missed! 0-1: Sac Bunt to 2L - play at first, batter OUT! 2-3 Butch Koglin to second
|
|
Batting: LHB Rodrigo Briceno
|
0-0: Foul Ball, location: 2F 0-1: Ground out 4-3 (Groundball, 4, EV 101.9 MPH) Butch Koglin to third
|
|
Pinch Hitting: RHB Matt Nycz
|
0-0: Ball 1-0: Ball 2-0: Called Strike 2-1: Ball 3-1: Ground out 4-3 (Groundball, 34, EV 80.0 MPH)
|
| Top of the 8th over - 0 runs, 1 hit, 0 errors, 1 left on base; New Hampshire 2 - Akron 3 |
| BOTTOM OF THE 8TH |
|
Akron RubberDucks batting - Pitching for New Hampshire Fisher Cats : RHP Mel Schultz
|
|
Pitching: LHP Dylan Batstone
|
|
|
Now in LF: Tso-lin Fen
|
|
|
Now in CF: Justin Powell
|
|
|
Now in RF: Chaim Huting
|
|
|
Batting: LHB Costodio Varino
|
0-0: Ball 1-0: Foul Ball, location: 2F 1-1: Ball 2-1: Called Strike 2-2: Ball 3-2: Ground out U3 (Groundball, 13, EV 85.6 MPH)
|
|
Batting: LHB Justin Rankin
|
0-0: Called Strike 0-1: Ball 1-1: Foul Ball, location: 2F 1-2: Ball 2-2: Foul Ball, location: 2F 2-2: Strikes out looking
|
|
Batting: RHB Willie Gonzales
|
0-0: Called Strike 0-1: SINGLE (Flyball, 8RS, EV 94.4 MPH)
|
|
Batting: LHB Sam Ogg
|
0-0: Ball 1-0: Ball 2-0: Foul Ball, location: 2F 2-1: Called Strike 2-2: Ball 3-2: Base on Balls Willie Gonzales to second
|
|
Batting: LHB Yasuo Igarashi
|
0-0: Ball 1-0: Called Strike 1-1: Called Strike 1-2: Strikes out swinging
|
| Bottom of the 8th over - 0 runs, 1 hit, 0 errors, 2 left on base; New Hampshire 2 - Akron 3 |
| TOP OF THE 9TH |
|
New Hampshire Fisher Cats batting - Pitching for Akron RubberDucks : LHP Victor Garcia
|
|
Pitching: RHP Mike Shields
|
|
|
Pinch Hitting: LHB Timo Gomez
|
0-0: Foul Ball, location: 2F 0-1: Called Strike 0-2: Ball 1-2: Foul Ball, location: 2F 1-2: Foul Ball, location: 2F 1-2: Ball 2-2: Ball 3-2: Strikes out swinging
|
|
Batting: LHB Chaim Huting
|
0-0: Foul Ball, location: 2F 0-1: Foul Ball, location: 2F 0-2: Fly out, F4 (Popup, 4S, EV 85.0 MPH)
|
|
Batting: RHB Mike Strey
|
0-0: Ball 1-0: Called Strike 1-1: Ball 2-1: Ball 3-1: Called Strike 3-2: Fly out, F7 (Flyball, 7, EV 74.4 MPH)
|
| Top of the 9th over - 0 runs, 0 hits, 0 errors, 0 left on base; New Hampshire 2 - Akron 3 |
|